 Dungeon Crawl Stone Soup version 0.17-a0-1195-g0639cb0 (webtiles) character file.

4622 Chiseanne the Thaumaturge (level 10, -11/65 HPs)
             Began as a Demonspawn Wanderer on June 2, 2015.
             Was an Initiate of Vehumet.
             Mangled by a yak (13 damage)
             ... on level 10 of the Dungeon.
             The game lasted 00:39:19 (13060 turns).

Chiseanne the Thaumaturge (Demonspawn Wanderer)    Turns: 13060, Time: 00:39:19

Health: -11/65     AC: 19    Str: 11    XL:     10   Next: 19%
Magic:  20/24      EV:  6    Int: 21    God:    Vehumet [......]
Gold:   642        SH:  0    Dex: 10    Spells: 4 memorised, 20 levels left

rFire  + . .     SeeInvis .     a - +3 flail (protect)
rCold  . . .     Clarity  .     E - +1 leather armour "Loch" {rN+} (curse)
rNeg   + . .     SustAt   .     (no shield)
rPois  .         Gourm    .     x - +2 hat
rElec  .         Spirit   .     (no cloak)
rCorr  +         Warding  .     l - +0 pair of gloves
rMut   .         Stasis   .     v - +2 pair of boots {Fly}
MR     .....                    p - amulet of resist corrosion
Stlth  +.........               (no ring)
                                C - +1 ring of protection

@: flying, very slightly contaminated, not resistant to hostile enchantments,
very unstealthy
A: claws 2, slimy green scales 2, fire resistance 1, powered by death 1
a: Renounce Religion, Stop Flying


You were on level 10 of the Dungeon.
You worshipped Vehumet.
Vehumet was noncommittal.
You were not hungry.

You visited 2 branches of the dungeon, and saw 11 of its levels.

You collected 642 gold pieces.

Inventory:

Hand weapons
 a - a +3 flail of protection (weapon)
 s - the +7 quarterstaff of Osogoox {crush, MR+}
   (You found it on level 7 of the Dungeon)

   It inflicts extra damage upon your enemies.
   It affects your resistance to hostile enchantments.
Missiles
 h - 144 arrows
 n - 45 poisoned needles
 o - 101 bolts
 q - 6 tomahawks (quivered)
 H - 2 throwing nets
 L - 20 bolts of flame
 M - 18 arrows of flame
Armour
 l - a +0 pair of gloves (worn)
 v - a +2 pair of boots of flying (worn)
 x - a +2 hat (worn)
 E - the cursed +1 leather armour "Loch" (worn) {rN+}
   (You found it on level 10 of the Dungeon)

   It protects you from negative energy.
   It has a curse placed upon it.
Jewellery
 p - an amulet of resist corrosion (around neck)
 u - an uncursed ring of teleportation
 C - a +1 ring of protection (left hand)
Magical devices
 B - a wand of disintegration (8)
 D - a wand of teleportation (4)
 J - a wand of digging (12)
Scrolls
 g - a scroll of immolation
 i - 5 scrolls of remove curse
 m - a scroll of fog
 A - 2 scrolls of recharging
Potions
 b - a potion of agility
 d - a potion of cure mutation
 f - 3 potions of ambrosia
 k - 4 potions of magic
 w - 7 potions of curing
 F - a potion of flight
 N - a potion of beneficial mutation {unknown}
Books
 c - Xurrouff's Incunabulum of Combat Magic

   Spells                             Type                      Level
   a - Flame Tongue                   Conjuration/Fire             1
   b - Throw Frost                    Conjuration/Ice              2
 y - a book of the Warp

   Spells                             Type                      Level
   a - Recall                         Summoning/Translocation      3
   b - Gell's Gravitas                Hexes/Translocation          3
   c - Control Teleport               Charms/Translocation         4
   d - Force Lance                    Conjuration/Translocation    4
   e - Phase Shift                    Translocation                5
   f - Warp Weapon                    Charms/Translocation         5
   g - Summon Forest                  Summoning/Translocation      5
 G - the Grimoire of Dusty Moulding
   (You found it on level 5 of the Dungeon)

   Spells                             Type                      Level
   a - Sticks to Snakes               Transmutation                2
   b - Ignite Poison                  Fire/Transmutation/Poison    3
   c - Passwall                       Transmutation/Earth          3
   d - Statue Form                    Transmutation/Earth          6
   e - Hydra Form                     Transmutation                6
 K - a Fen Folio

   Spells                             Type                      Level
   a - Corpse Rot                     Necromancy                   2
   b - Stone Arrow                    Conjuration/Earth            3
   c - Leda's Liquefaction            Hexes/Earth                  4
   d - Summon Forest                  Summoning/Translocation      5
   e - Hydra Form                     Transmutation                6
   f - Summon Hydra                   Summoning                    7
Comestibles
 j - 2 meat rations
 r - 2 royal jellies
 t - 5 bread rations
 z - 2 beef jerkies


   Skills:
 - Level 1.0 Fighting
 - Level 1.0 Throwing
 - Level 2.0 Dodging
 - Level 1.0 Stealth
 - Level 1.7 Unarmed Combat
 * Level 10.6 Spellcasting
 * Level 9.2 Conjurations
   Level 2.0 Summonings
   Level 0.8 Transmutations


You had 20 spell levels left.
You knew the following spells:

 Your Spells              Type           Power        Failure   Level  Hunger
a - Flame Tongue          Conj/Fire      ####.        1%          1    None
b - Throw Frost           Conj/Ice       ####..       1%          2    None
c - Stone Arrow           Conj/Erth      ####..       4%          3    None
d - Force Lance           Conj/Tloc      ####....     14%         4    ##.....


Dungeon Overview and Level Annotations

Branches:
Dungeon (10/15)            Temple (1/1) D:4            Lair (0/8) D:10
    Orc: D:9-12

Altars:
Ashenzari
Cheibriados
Dithmenos
Elyvilon
Fedhas
Gozag
Kikubaaqudgha
Makhleb
Nemelex Xobeh
Okawaru
Qazlal
Ru
Sif Muna
Trog
Vehumet
Xom
Yredelemnul
Zin
The Shining One

Shops:
D:6 (

Annotations:
D:2 Sigmund
D:4 joebohoe's ghost, average MiFi
D:9 Urug


Innate Abilities, Weirdness & Mutations

You have very sharp fingernails.
You are mostly covered in slimy green scales (AC +3).
Your flesh is heat resistant.
You can steal the life force of nearby defeated enemies.


Message History

You are very lightly contaminated with residual magic.
As you read the scroll of blinking, it crumbles to dust.
The gnoll throws a throwing net.
The throwing net hits you.
You become entangled in the net!
Read which item? (? for menu, Esc to quit)
Blink to where?
Press: ? - help, Dir - move target cursor
As you read the scroll of blinking, it crumbles to dust.
A phantom comes into view.
Read which item? (? for menu, Esc to quit)
Okay, then.
Something hits you but does no damage.
Found a flail.
Something hits you but does no damage. The yak completely misses you.
Something hits you but does no damage.
There is an escape hatch in the ceiling here.
Something hits you!
* * * LOW HITPOINT WARNING * * *
The yak gores you!
You die...

##.............## #..###...
###.......#..## ##..#....
##.........## #..Y..... ##
##....g.....## ##........
.###............## ##.(.......
.................######....##...#
..##.......................##..##
.###.....................<..# .#
.# #...........Y@.....###......#
## #..##.)......Wh.....###.....#
# #..###).......<...... ...h... #
#..##................ ..##...
#.................... ### #..
#.................... ..
...$......?.......)..
..................
...>...........


You could see a yak, a phantom, a hound and a gnoll.

Vanquished Creatures
  Pikel (D:9)
  A centaur skeleton (D:10)
  Prince Ribbit (D:6)
  A raven (D:5)
  A hippogriff (D:7)
  Edmund (D:6)
  An eye of draining (D:8)
  5 ogres
  A wasp (D:8)
  A black bear (D:6)
  A necrophage (D:5)
  3 centaurs (D:8)
  Blork the orc (D:4)
  5 giant frogs
  A gnoll sergeant (D:10)
  4 scorpions
  4 killer bees (D:8)
  A water moccasin skeleton (D:5)
  5 wights (D:7)
  A centaur zombie (D:6)
  4 orc wizards
  4 crimson imps
  A gnoll shaman (D:6)
  5 hounds
  4 orc priests
  9 worker ants
  6 adders
  13 gnolls
  3 worms
  29 orcs
  15 bats
  2 bat skeletons
  6 giant cockroaches
  9 goblins
  9 hobgoblins
  9 jackals
  10 kobolds
  5 quokkas
  10 giant geckos
  A giant gecko skeleton (D:7)
  4 giant newts
  14 rats
212 creatures vanquished.

Vanquished Creatures (others)
  A slave (D:9)
  A centaur (D:9)
  2 orcs (D:9)
4 creatures vanquished.

Grand Total: 216 creatures vanquished

Notes
Turn   | Place    | Note
--------------------------------------------------------------
     0 | D:1      | Chiseanne the Demonspawn Wanderer began the quest for the Orb.
     0 | D:1      | Chiseanne set off with: a +2 dagger, a scroll of fear, Xurrouff's Incunabulum of Combat Magic, a potion of curing, a +0 robe, a bread ration
     0 | D:1      | Reached XP level 1. HP: 15/15 MP: 2/2
     0 | D:1      | Identified Xurrouff's Incunabulum of Combat Magic
     2 | D:1      | Learned a level 1 spell: Flame Tongue
   198 | D:1      | Reached skill level 1 in Conjurations
   379 | D:1      | Gained mutation: Your flesh is heat resistant. [demonic ancestry]
   379 | D:1      | Reached XP level 2. HP: 21/21 MP: 2/4
   404 | D:1      | Learned a level 2 spell: Throw Frost
   518 | D:1      | Found an iron altar of Okawaru.
  1578 | D:2      | Gained mutation: You have sharp fingernails. [demonic ancestry]
  1578 | D:2      | Reached XP level 3. HP: 16/26 MP: 0/6
  1705 | D:2      | Found a blossoming altar of Fedhas.
  2627 | D:2      | Noticed Sigmund
  2684 | D:2      | Gained mutation: You are partially covered in slimy green scales (AC +2). [demonic ancestry]
  2684 | D:2      | Reached XP level 4. HP: 32/32 MP: 2/8
  2837 | D:2      | Reached skill level 3 in Spellcasting
  3247 | D:3      | Found a stormy altar of Qazlal.
  3640 | D:3      | Gained mutation: You can steal the life force of nearby defeated enemies. [demonic ancestry]
  3640 | D:3      | Reached XP level 5. HP: 37/37 MP: 2/10
  3994 | D:4      | Found a sand-covered staircase.
  3994 | D:4      | Noticed joebohoe's ghost (average MiFi)
  4390 | D:4      | Reached skill level 4 in Spellcasting
  4392 | D:4      | Reached XP level 6. HP: 43/43 MP: 3/12
  5026 | D:4      | Found a staircase to the Ecumenical Temple.
  5667 | D:4      | Noticed Blork the orc
  5678 | D:4      | Killed Blork the orc
  5678 | D:4      | Reached skill level 5 in Spellcasting
  5678 | D:4      | Reached XP level 7. HP: 35/48 MP: 9/14
  5784 | D:5      | Entered Level 5 of the Dungeon
  6180 | D:5      | Identified the Grimoire of Dusty Moulding
  6218 | D:5      | Reached skill level 5 in Conjurations
  6342 | D:5      | Reached skill level 6 in Spellcasting
  6703 | D:5      | Noticed a raven
  6703 | D:5      | a sky beast changed into a raven
  6713 | D:5      | Killed a raven
  6713 | D:5      | Gained mutation: You have very sharp fingernails. [demonic ancestry]
  6713 | D:5      | Reached XP level 8. HP: 28/54 MP: 10/18
  6916 | D:5      | Learned a level 2 spell: Sticks to Snakes
  7132 | D:6      | Noticed Prince Ribbit
  7316 | D:6      | Reached skill level 7 in Spellcasting
  7816 | D:6      | Learned a level 3 spell: Stone Arrow
  7872 | D:6      | Killed Prince Ribbit
  8000 | D:6      | Found Buint's Weapon Shop.
  8339 | D:6      | Noticed Edmund
  8371 | D:6      | Killed Edmund
  8371 | D:6      | Reached skill level 8 in Spellcasting
  9079 | D:7      | Gained mutation: You are mostly covered in slimy green scales (AC +3). [demonic ancestry]
  9079 | D:7      | Reached XP level 9. HP: 59/59 MP: 11/21
  9449 | D:7      | Learned a level 4 spell: Force Lance
  9704 | D:7      | Reached skill level 9 in Spellcasting
  9854 | D:7      | Got a smoking quarterstaff
  9855 | D:7      | Identified the +7 quarterstaff of Osogoox {crush, MR+} (You found it on level 7 of the Dungeon)
 11637 | D:8      | Reached skill level 10 in Spellcasting
 12032 | Temple   | Entered the Ecumenical Temple
 12156 | Temple   | Became a worshipper of Vehumet
 12655 | D:9      | Noticed Pikel
 12659 | D:9      | Killed Pikel
 12659 | D:9      | Reached XP level 10. HP: 65/65 MP: 17/24
 12812 | D:9      | Noticed a seven-headed hydra
 12816 | D:10     | Entered Level 10 of the Dungeon
 12941 | D:10     | Got a transparent leather armour
 12952 | D:10     | Identified the cursed +1 leather armour "Loch" {rN+} (You found it on level 10 of the Dungeon)
 12988 | D:10     | Noticed Urug
 13058 | D:10     | Found a staircase to the Lair.
 13060 | D:10     | HP: 2/65 [something (9)]
 13060 | D:10     | Mangled by a yak

Vault maps used:
D:1:      minmay_arrival_wavy_path, serial_park_tiny_pond,
          okawaru_ov_weapons_minmay
D:2:      fedhas_altar_1, uniq_sigmund
D:3:      nicolae_qazlal_general_emergency
D:4:      minmay_temple_entry_statues_pillars, first_bread, enter_ossuary_1,
          minmay_crystal_room, kennysheep_generic_room_6, uniq_blork_the_orc
D:6:      serial_shops, shop, grunt_decor_fettered, uniq_prince_ribbit1,
          uniq_edmund
D:9:      minivault_25, uniq_pikel
D:10:     lair_0_dummy, special_room, enter_bailey_3, uniq_urug
Temple:   kilobyte_greek_temple_18

Action                   |  1- 3 |  4- 6 |  7- 9 | 10-12 || total
-------------------------+-------+-------+-------+-------++-------
Melee: Dagger            |    43 |       |       |       ||    43
       Hand axe          |     5 |    79 |    10 |       ||    94
       Mace              |     4 |       |       |       ||     4
       Trident           |       |       |    16 |       ||    16
       Quarterstaff      |       |       |    17 |     6 ||    23
       Flail             |       |       |     2 |    15 ||    17
Throw: Tomahawk          |       |       |     1 |       ||     1
 Cast: Flame Tongue      |    62 |    95 |   207 |    11 ||   375
       Throw Frost       |     2 |    15 |   104 |       ||   121
       Stone Arrow       |       |       |    17 |     3 ||    20
       Force Lance       |       |       |     1 |     4 ||     5
Evoke: Wand              |       |    10 |    14 |     1 ||    25
  Use: Scroll            |     7 |     6 |    12 |     7 ||    32
       Potion            |     1 |       |     3 |       ||     4
  Eat: Chunk             |     4 |     6 |    18 |       ||    28
       Bread ration      |     1 |       |       |       ||     1
       Royal jelly       |       |     1 |       |       ||     1
       Fruit             |       |       |     5 |       ||     5
